 Dungeon Crawl Stone Soup version 0.28-a0-1174-g766a6a42ef (webtiles) character file.

Game seed: 16240434440383872128

48 Goblin1989 the Skirmisher (level 3, 0/29 HPs)
             Began as a Demonspawn Abyssal Knight on Dec 16, 2021.
             Was a Believer of Lugonu.
             Killed from afar by an orc wizard (5 damage)
             ... with a puff of flame
             ... on level 3 of the Dungeon.
             The game lasted 00:03:23 (1664 turns).

Goblin1989 the Skirmisher (DsAK)                    Turns: 1664, Time: 00:03:24

Health: 0/29       AC:  6    Str: 15    XL:     3   Next: 50%
Magic:  5/5        EV:  9    Int: 11    God:    Lugonu [**....]
Gold:   53         SH:  0    Dex: 13    Spells: 2/2 levels left

rFire   + . .      SeeInvis .   a - +1 hand axe
rCold   . . .      Faith    .   (no shield)
rNeg    . . .      Spirit   .   h - +0 scale mail
rPois   .          Reflect  .   (no helmet)
rElec   .          Harm     .   (no cloak)
rCorr   .          Rampage  .   (no gloves)
Will    .....                   (no boots)
Stlth   ..........              (no amulet)
HPRegen 0.09/turn               f - ring of protection from fire
MPRegen 0.09/turn               (no ring)

@: no status effects
A: powered by pain 1, demonic magic 1
a: Renounce Religion, Depart the Abyss, Bend Space


You were on level 3 of the Dungeon.
You worshipped Lugonu.
Lugonu was pleased with you.
You visited 1 branch of the dungeon, and saw 3 of its levels.
You visited the Abyss 1 time.

You collected 53 gold pieces.

Inventory:

Hand Weapons
 a - a +1 hand axe (weapon)
Armour
 h - a +0 scale mail (worn)
Jewellery
 c - a +6 ring of intelligence
 f - a ring of protection from fire (left hand)
Scrolls
 e - 3 scrolls of identify {unknown}
Potions
 d - a potion of magic {unknown}
 g - a potion of attraction {unknown}
 i - a potion of lignification {unknown}
 j - a potion of haste {unknown}


   Skills:
 + Level 3.1 Fighting
 * Level 2.8 Axes
 + Level 2.1 Armour
 + Level 1.2 Dodging
 + Level 2.9 Invocations


You had 2 spell levels left.
You didn't know any spells.
Your spell library contained the following spells:

 Spells                   Type           Power      Damage    Failure   Level
 Conjure Flame            Conj/Fire      0%         6-21      99%         3
 Ignite Poison            Fire/Tmut/Pois 0%         N/A       99%         3
 Sticky Flame             Conj/Fire      0%         2d3       100%        4


Dungeon Overview and Level Annotations

Branches:
Dungeon (3/15)

Altars:

Shops:
D:1 (


Innate Abilities, Weirdness & Mutations

You sometimes gain a little power by taking damage.
Spells you cast may paralyse adjacent enemies.


Message History

The orc hits you but does no damage.
You take 1 damage, and have 26/29 hp.
You barely miss the orc wizard. You hit the orc.
The orc wizard casts a spell at you. The puff of flame hits you. You resist.
The orc barely misses you.
You take 2 damage, and have 24/29 hp.
You closely miss the orc.
The orc is severely wounded.
You hit the orc wizard. The orc wizard barely misses you.
The orc hits you with a +0 mace.
The orc wizard hits you but does no damage.
You take 1 damage, and have 23/29 hp.
You hit the orc.
You kill the orc!
Lugonu accepts your kill.
You completely miss the orc wizard.
An adder comes into view.
The orc wizard casts a spell at you. The magic dart hits you!
You take 7 damage, and have 16/29 hp.
MASSIVE DAMAGE!!
You are too injured to fight recklessly!
You are too injured to fight recklessly!
You are too injured to fight recklessly!
You are too injured to fight recklessly!
You are too injured to fight recklessly!
You are too injured to fight recklessly!
You are too injured to fight recklessly!
You are too injured to fight recklessly!
You are too injured to fight recklessly!
You are too injured to fight recklessly!
You are too injured to fight recklessly!
You are too injured to fight recklessly!
You are too injured to fight recklessly!
You are too injured to fight recklessly!
You are too injured to fight recklessly!
Unknown command.
The adder hisses angrily.
The adder bites you but does no damage. The adder bites you but does no damage.
The adder barely misses you.
You closely miss the adder. The adder barely misses you. The adder bites you.
You take 1 damage, and have 16/29 hp.
You hit the adder.
The adder is moderately wounded.
The adder bites you but does no damage.
The orc wizard gestures wildly while chanting.
The orc wizard flickers and vanishes!
Deactivating autopickup; reactivate with Ctrl-A.
You barely miss the adder.
The adder is moderately wounded.
The adder bites you.
You are poisoned.
The adder poisons you! The adder bites you but does no damage.
You take 2 damage, and have 14/29 hp.
You barely miss the adder.
The adder is moderately wounded.
You feel sick. The adder bites you.
* * * LOW HITPOINT WARNING * * *
You take 3 damage, and have 11/29 hp.
You hit the adder but do no damage.
The adder is moderately wounded.
You feel sick. The adder closely misses you. x2
You take 1 damage, and have 10/29 hp.
You closely miss the adder.
The adder is moderately wounded.
You feel sick.
You are no longer poisoned.
The adder bites you but does no damage.
You take 1 damage, and have 9/29 hp.
You slash the adder!
You kill the adder!
Lugonu accepts your kill.
You barely miss the rat. The rat bites you but does no damage.
You hit the rat.
The rat is moderately wounded.
The rat barely misses you.
You hit the rat.
You kill the rat!
Lugonu accepts your kill.
You hit something. Something hits you but does no damage.
You miss something. Something hits you but does no damage. Something hits you.
* * * LOW HITPOINT WARNING * * *
You take 2 damage, and have 8/29 hp.
You closely miss something. Something hits you but does no damage.
You miss something. Something hits you.
* * * LOW HITPOINT WARNING * * *
You take 2 damage, and have 6/29 hp.
You closely miss something. Something hits you.
* * * LOW HITPOINT WARNING * * *
You take 1 damage, and have 5/29 hp.
You barely miss something. Something hits you but does no damage.
You hit something. Something hits you but does no damage. Something hits you.
* * * LOW HITPOINT WARNING * * *
You take 1 damage, and have 4/29 hp.
You closely miss something. Something hits you but does no damage.
You miss something.
You hear some strange, mumbled words.
A puff of flame appears from out of thin air!
The puff of flame hits you. You resist.
You die...

███ █.. █.█ █.█ █.█
█.█ ██████████.█
██..
█<.(..<.██@████.....
█.█████.██{█.o......
██.██o█o█
███...█.█.█
█.........█
█.█...█.........
█.██.██████..... █
█.█ █.███ ..█ ██


You could see an orc.

Vanquished Creatures
  An adder (D:3)
  3 dart slugs
  3 orcs (D:3)
  2 endoplasms (D:2)
  2 goblins (D:2)
  A hobgoblin (D:2)
  3 jackals (D:1)
  A kobold (D:2)
  2 ball pythons (D:2)
  6 bats
  4 frilled lizards
  3 rats
31 creatures vanquished.

Vanquished Creatures (others)
  13 plants (D:2)
13 creatures vanquished.

Grand Total: 44 creatures vanquished

Notes
Turn   | Place    | Note
-------+----------+-------------------------------------------
     0 | Abyss:1  | Goblin1989 the Demonspawn Abyssal Knight began the quest
                  | for the Orb.
     0 | Abyss:1  | Reached XP level 1. HP: 18/18 MP: 2/2
    59 | D:1      | Escaped the Abyss
   230 | D:1      | Found Netriqac's Weapon Shop.
   450 | D:1      | Reached skill level 1 in Dodging
   450 | D:1      | Gained mutation: Spells you cast may paralyse adjacent
                  | enemies. [demonic ancestry]
   450 | D:1      | Reached XP level 2. HP: 22/24 MP: 3/3
   818 | D:2      | Reached ** piety under Lugonu
  1031 | D:2      | Found a faded altar of an unknown god.
  1058 | D:2      | Gained mutation: You sometimes gain a little power by
                  | taking damage. [demonic ancestry]
  1058 | D:2      | Reached XP level 3. HP: 28/29 MP: 5/5
  1618 | D:3      | Upgraded the game from 0.28-a0-1159-g27aa881441 to
                  | 0.28-a0-1174-g766a6a42ef
  1664 | D:3      | Killed from afar by an orc wizard

Illustrated notes

Levels and vault maps discovered:
D:1:      minmay_arrival_hallway, layout_basic, serial_shops, shop
D:2:      layout_loops_ring, serial_bayou, serial_bayou_shore_a,
          serial_bayou_shore_b, serial_bayou_pond_c, serial_bayou_lake_a,
          serial_bayou_shore_b, ebering_ecumenical_altar_box
D:3:      layout_loops_ring, minmay_snake_closets, uniq_pargi

Skill      XL: |  1  2 |
---------------+-------+-----
Axes           | 2 |  2.8
Dodging        | 1 |  1.2
Armour         | 2 |  2.1
Fighting       | |  3.1
Invocations    | |  2.9

Action                   || total
-------------------------++-------
Melee: Hand axe          ||    95
Armor: Scale mail        ||    33
       Leather armour    ||     4
Dodge: Dodged            ||    38

Table legend: (Time is in decaauts)
 A = Elapsed time spent in this place.
 B = Non-inter-level travel time spent in this place.
 C = Inter-level travel time spent in this place.
 D = Time resting spent in this place.
 E = Time spent auto-exploring this place.
 F = Levels seen in this place.
 G = Mean time per level.
                   A        B        C        D        E       F      G
               +--------+--------+--------+--------+--------+-----+--------+
         Total |   1725 |   1688 |     37 |      0 |   1398 |   4 |  431.2 |
       Dungeon |   1666 |   1629 |     37 |      0 |   1398 |   3 |  555.3 |
         Abyss |     59 |     59 |      0 |      0 |      0 |   1 |   59.0 |
               +--------+--------+--------+--------+--------+-----+--------+

Top non-repeatable levels by time:
     D:2: 979 daAuts
     D:1: 636 daAuts
 Abyss:1: 59 daAuts
     D:3: 51 daAuts
